 Dungeon Crawl Stone Soup version 0.21.1-1-g345015fe64 (webtiles) character file.

1287 Bapho the Archer (level 8, -3/70 HPs)
             Began as a Centaur Hunter on July 1, 2018.
             Hit by a javelin thrown by an orc warrior (8 damage)
             ... on level 6 of the Dungeon.
             The game lasted 00:13:45 (7628 turns).

Bapho the Archer (Centaur Hunter)                   Turns: 7628, Time: 00:13:46

Health: -3/70      AC:  5    Str: 14    XL:     8   Next: 30%
Magic:  8/8        EV: 14    Int: 10    God:
Gold:   346        SH:  0    Dex: 13    Spells: 7/7 levels left

rFire    . . .     SeeInvis .   b - +2 whip (venom)
rCold    . . .     Gourm    .   (no shield)
rNeg     . . .     Faith    .   c - +0 leather armour
rPois    .         Spirit   .   o - +0 helmet
rElec    .         Reflect  .   (no cloak)
rCorr    .         Harm     .   (no gloves)
MR       .....                  (no barding)
Stlth    +.........             (no amulet)
HPRegen  0.21/turn              w - +5 ring of evasion
MPRegen  0.11/turn              y - ring of flight

@: very quick
A: large, hooves 3, deformed body, speed 2, tough skin 3
a: Evoke Flight


You were on level 6 of the Dungeon.
You were not hungry.

You visited 1 branch of the dungeon, and saw 6 of its levels.

You collected 346 gold pieces.

Inventory:

Hand Weapons
 a - a +1 shortbow
 b - a +2 whip of venom (weapon)
 g - a +0 short sword
 v - a +0 long sword
Missiles
 d - 15 arrows
 p - 158 stones (quivered)
Armour
 c - a +0 leather armour (worn)
 o - a +0 helmet (worn)
 s - a +0 plate armour
Jewellery
 h - an uncursed ring of fire
 u - an uncursed ring of teleportation
 w - a +5 ring of evasion (left hand)
 y - a ring of flight (right hand)
Scrolls
 j - a scroll of noise
 k - a scroll of fear {unknown}
 l - 3 scrolls of teleportation
 n - a scroll of blinking {unknown}
 t - a scroll of amnesia {unknown}
 x - 2 scrolls of remove curse
 z - 2 scrolls of fog {unknown}
 B - a scroll of magic mapping {unknown}
 C - a scroll of enchant armour {unknown}
Potions
 e - 2 potions of curing
 m - 3 potions of flight
 q - a potion of mutation
 r - a potion of agility
 A - a potion of cancellation
Comestibles
 f - 11 rations


   Skills:
 + Level 6.1 Fighting
 * Level 11.7 Bows
 - Level 1.3 Dodging
 - Level 0.4 Stealth


You had 7 spell levels left.
You didn't know any spells.

Dungeon Overview and Level Annotations

Branches:
Dungeon (6/15)
 Temple: D:4-7

Altars:
Vehumet
The Shining One


Innate Abilities, Weirdness & Mutations

You have hooves in place of feet.
Armour fits poorly on your strangely shaped body.
You cover ground very quickly.
You have extremely tough skin. (AC +3)


Message History

A crimson imp comes into view.
The crimson imp shouts!
You hit the orc priest.
You kill the orc priest!
Something shouts, "Escape, thou fawning ill-nurtured wormtrail!"
The orc warrior barely misses you.
The crimson imp throws a stone.
The stone closely misses you.
The crimson imp blinks!
Found 26 arrows.
Things that are here:
a ring mail; 3 arrows; an orc corpse
Found a glowing golden altar of the Shining One.
An orc skeleton comes into view.
A shadow imp and 2 zombies come into view.
The shadow imp shouts! 2 skeletons come into view.
The kobold skeleton moves out of view.
You see here an arrow.
The orc warrior throws a javelin.
The javelin hits you!
You die...

. #.# #######.# #.#
#.....Z #.# #.Z..
######## #.# #(.##
.......# #.###..Z#
.#####.# #.##.o.#..55.
.#<# #.#####.##..(##Z...
.#.# #....).()[(@..(.._..
.#.############...!#.....
.#.....# #...## .Z..
)......# #..%# '##
######## ##..# # #...
#.... #####.


You could see an orc warrior, a hobgoblin zombie, a kobold skeleton and an orc
skeleton.

Vanquished Creatures
  Menkaure (D:3)
  A phantom (D:6)
  An orc warrior (D:5)
  A sky beast (D:5)
  An ogre (D:4)
  A bullfrog (D:5)
  A howler monkey (D:4)
  A centaur zombie (D:6)
  A bullfrog skeleton (D:6)
  A quasit (D:5)
  5 orc priests
  A hound (D:4)
  Natasha (thrice) (D:3)
  3 orc wizards
  A worker ant (D:5)
  A worker ant zombie (D:5)
  4 gnolls
  10 adders
  2 oozes (D:4)
  2 adder zombies (D:5)
  An adder skeleton (D:5)
  2 worms
  2 dart slugs (D:2)
  2 leopard geckos
  18 orcs
  7 giant cockroaches
  5 hobgoblins
  6 kobolds
  4 quokkas
  A ball python (D:1)
  5 bats
  8 frilled lizards
  5 goblins (D:2)
  A hobgoblin zombie (D:6)
  3 leopard gecko skeletons
  5 rats
117 creatures vanquished.

Vanquished Creatures (others)
  A goblin (D:2)
1 creature vanquished.

Grand Total: 118 creatures vanquished

Notes
Turn   | Place    | Note
-------+----------+-------------------------------------------
     0 | D:1      | Bapho the Centaur Hunter began the quest for the Orb.
     0 | D:1      | Reached XP level 1. HP: 17/17 MP: 1/1
   642 | D:2      | Reached skill level 6 in Bows
   642 | D:2      | Reached XP level 2. HP: 25/25 MP: 2/2
   886 | D:2      | Reached XP level 3. HP: 14/30 MP: 3/3
  1548 | D:2      | Found a radiant altar of Vehumet.
  1633 | D:2      | Reached XP level 4. HP: 34/37 MP: 4/4
  1908 | D:2      | Reached skill level 7 in Bows
  2901 | D:3      | Reached XP level 5. HP: 45/45 MP: 5/5
  3895 | D:3      | Reached skill level 8 in Bows
  3898 | D:3      | Noticed Natasha
  3909 | D:3      | Killed Natasha
  4130 | D:4      | Noticed Menkaure
  4136 | D:4      | Noticed an ogre
  4149 | D:3      | Killed Menkaure
  4149 | D:3      | Reached XP level 6. HP: 12/52 MP: 6/6
  4435 | D:3      | Reached skill level 9 in Bows
  4956 | D:4      | Reached XP level 7. HP: 4/60 MP: 7/7
  4956 | D:4      | HP: 3/60 [orc/tomahawk (1)]
  5085 | D:3      | Noticed Natasha
  5241 | D:3      | Killed Natasha
  5318 | D:3      | Noticed Natasha
  5336 | D:3      | Killed Natasha
  5911 | D:4      | Reached skill level 5 in Fighting
  5911 | D:4      | Reached skill level 10 in Bows
  6014 | D:5      | Entered Level 5 of the Dungeon
  7029 | D:6      | Reached skill level 11 in Bows
  7065 | D:6      | Reached XP level 8. HP: 38/69 MP: 8/8
  7623 | D:6      | Found a glowing golden altar of the Shining One.
  7628 | D:6      | Hit by a javelin thrown by an orc warrior

Skill      XL: |  1  2  3  4  5  6  7  8 |
---------------+-------------------------+-----
Bows           | 6 7 8 9 11 | 11.7
Fighting       | 3 4 5 6 |  6.1
Dodging        | |  1.3
Stealth        | |  0.4

Action                   |  1- 3 |  4- 6 |  7- 9 || total
-------------------------+-------+-------+-------++-------
Melee: Whip              |    19 |   108 |    51 ||   178
       Kick              |     4 |    25 |    17 ||    46
 Fire: Shortbow          |    45 |    80 |   172 ||   297
Throw: Stone             |    13 |    58 |       ||    71
  Use: Scroll            |       |       |     8 ||     8
  Eat: Chunk             |     1 |     9 |     7 ||    17
Armor: Leather armour    |    10 |    39 |    17 ||    66
       Plate armour      |       |     1 |       ||     1
Dodge: Dodged            |    10 |    51 |    55 ||   116
